 Dungeon Crawl Stone Soup version 0.28.0-43-g3370ac3207 (webtiles) character file.

Game seed: 2581813864497260545

6862 sizableburger the Spear-Bearer (level 10, 0/80 HPs)
             Began as a Mummy Delver on Mar 7, 2022.
             Was a Believer of Fedhas.
             Slain by a komodo dragon (25 damage)
             ... on level 9 of the Dungeon.
             The game lasted 00:31:44 (13164 turns).

sizableburger the Spear-Bearer (Mummy Delver)      Turns: 13164, Time: 00:31:44

Health: 0/80       AC: 17    Str: 19    XL:     10   Next: 78%
Magic:  12/12      EV: 10    Int: 11    God:    Fedhas [**....]
Gold:   486        SH:  0    Dex: 19    Spells: 9/9 levels left

rFire   x . .      SeeInvis .   o - +6 halberd
rCold   + . .      Faith    +   (shield currently unavailable)
rNeg    + + +      Spirit   .   A - +0 plate armour
rPois   ∞          Reflect  .   i - +1 helmet
rElec   .          Harm     .   h - scarf {+Inv}
rCorr   .          Rampage  .   (no gloves)
Will    +....                   l - +2 pair of boots
Stlth   ..........              m - amulet of faith
HPRegen 0.23/turn               k - +6 ring of dexterity
MPRegen 0.13/turn               q - +4 ring of evasion

@: no status effects
A: cold resistance 1, negative energy resistance 3, torment resistance 2, heat
vulnerability 1, no potions
a: Renounce Religion, Evoke Invisibility, Wall of Briars


You were on level 9 of the Dungeon.
You worshipped Fedhas.
Fedhas was pleased with you.
You visited 2 branches of the dungeon, and saw 10 of its levels.
You also visited: Ossuary.

You collected 486 gold pieces.

Inventory:

Hand Weapons
 a - a +0 spear
 o - a +6 halberd (weapon)
 x - a +3 trident
Missiles
 y - a throwing net
 z - 4 datura-tipped darts (quivered)
 B - 3 boomerangs
 F - a curare-tipped dart
Armour
 h - a scarf of invisibility (worn)
 i - a +1 helmet (worn)
 l - a +2 pair of boots (worn)
 w - a +0 chain mail
 A - a +0 plate armour (worn)
 C - the +3 hat of Pondering {ponderous, Will+ MP+10 Int+5}
   (You took it off Gastronok on level 8 of the Dungeon)

   Int:       It affects your intelligence (+5).
   MP:        It affects your magic capacity (+10).
   Will:      It increases your willpower.
 I - a +0 cloak
Jewellery
 g - an amulet of regeneration
 k - a +6 ring of dexterity (left hand)
 m - an amulet of faith (around neck)
 n - a ring of protection from cold
 q - a +4 ring of evasion (right hand)
 H - a ring of wizardry
Wands
 f - a wand of digging (3)
 r - a wand of polymorph (6)
 s - a wand of iceblast (5)
 v - a wand of charming (7)
 E - a wand of paralysis (8)
 G - a wand of mindburst (9)
Scrolls
 b - 3 scrolls of teleportation
 c - 2 scrolls of fog
 d - a scroll of amnesia
 e - 3 scrolls of fear
 j - 4 scrolls of immolation
 p - 2 scrolls of blinking
 t - a scroll of magic mapping
 u - 3 scrolls of identify
 D - a scroll of noise


   Skills:
 + Level 7.7 Fighting
 - Level 10.0 Polearms
 - Level 3.4 Throwing
 + Level 3.8 Armour
 - Level 2.0 Dodging
 - Level 4.2 Stealth
 + Level 3.9 Invocations
 + Level 3.7 Evocations


You had 9 spell levels left.
You didn't know any spells.
Your spell library contained the following spells:

 Spells                   Type           Power      Damage    Failure   Level
 Freeze                   Ice            0%         1d3       100%        1
 Pain                     Necr           0%         1d4       100%        1
 Shock                    Conj/Air       0%         1d3       100%        1
 Frozen Ramparts          Ice            0%         1d2       100%        3
 Ozocubu's Armour         Ice            0%         N/A       100%        3
 Swiftness                Air            0%         N/A       100%        3
 Airstrike                Air            0%         N/A       100%        4
 Hailstorm                Conj/Ice       0%         3d3       100%        4
 Agony                    Necr           0%         N/A       100%        5
 Excruciating Wounds      Necr           0%         N/A       100%        5
 Ozocubu's Refrigeration  Ice            0%         4d5       100%        7


Dungeon Overview and Level Annotations

Branches:
Dungeon (9/15)             Temple (1/1) D:7             Orc (0/2) D:9
Ossuary (visited)
   Lair: D:8-11

Altars:
Ashenzari
Cheibriados
Dithmenos
Elyvilon
Fedhas
Gozag
Hepliaklqana
Kikubaaqudgha
Makhleb
Nemelex Xobeh
Okawaru
Qazlal
Ru
Sif Muna
Trog
Uskayaw
Vehumet
Wu Jian
Xom
Yredelemnul
Zin
The Shining One

Shops:
D:3 :   D:5 [   D:8 !

Annotations:
D:3 Robin
D:5 Sigmund
D:7 3 runed translucent doors, DemonSlayer's ghost, novice DEFE


Innate Abilities, Weirdness & Mutations

You are immune to poison.
Your flesh is cold resistant. (rC+)
You are immune to negative energy. (rN+++)
You are immune to unholy pain and torment.
You are vulnerable to heat. (rF-)
You do not drink.


Message History

a +0 dagger; a +0 robe; an orc corpse You start resting.
HP restored.
Items here: )) [[ †.
A killer bee comes into view.
The killer bee buzzes angrily.
You hear an angry hiss.
The killer bee completely misses you.
There is a stone staircase leading up here.
You slash the killer bee!
You kill the killer bee!
Fedhas appreciates your contribution to the ecosystem.
No target in view!
No target in view!
A komodo dragon comes into view.
There is a stone staircase leading up here.
You reach to attack!
You slash the komodo dragon!
The komodo dragon is moderately wounded.
You slash the komodo dragon!
The komodo dragon is heavily wounded.
The komodo dragon bites you!
You hit the komodo dragon.
The komodo dragon is heavily wounded.
The komodo dragon bites you!!
You slash the komodo dragon!
The komodo dragon is almost dead.
The komodo dragon bites you.
You hit the komodo dragon.
The komodo dragon is almost dead.
The komodo dragon bites you but does no damage.
You completely miss the komodo dragon.
The komodo dragon is almost dead.
The komodo dragon bites you.
You hit the komodo dragon but do no damage.
The komodo dragon is almost dead.
The komodo dragon bites you!!
You hit the komodo dragon.
The komodo dragon is almost dead.
The komodo dragon bites you!!
You die...
Fedhas appreciates your contribution to the ecosystem.

........# ..
$.......# ..
........# . ...
........#########..
...
....................
...
....................>
...
.........†....†......
...
.........l..†........
...
#........@..)........
...
#....................
...
#................)..
...
##.................
...
####.##..........$
... ##))....######..
### ##.###...# # #.##
##### # ###


You could see a komodo dragon.

Vanquished Creatures
  Gastronok (D:8)
  Erica (D:8)
  Pikel (D:5)
  Joseph (D:8)
  A spriggan (D:8)
  2 wraiths (Ossuary)
  3 wargs
  2 black bears
  3 orc warriors
  A sky beast (D:8)
  3 ice beasts
  3 centaurs
  An ogre (D:5)
  A lemure (D:5)
  2 kobold brigands
  Blork the orc (D:5)
  3 bullfrogs
  A water moccasin zombie (D:5)
  2 scorpions (D:4)
  3 wyvern zombies
  3 water moccasin skeletons
  4 killer bees (D:9)
  7 wights
  A howler monkey (D:9)
  2 electric eels (D:7)
  2 bullfrog zombies
  2 orc priests
  2 centaur skeletons (D:7)
  3 gnoll shamans
  5 hounds
  3 iguanas
  Ijyb (D:3)
  6 orc wizards
  A killer bee zombie (D:6)
  A hound skeleton (D:4)
  A howler monkey zombie (D:7)
  13 gnolls
  7 adders
  2 shadow imps (D:7)
  A white imp (D:7)
  An ufetubus (D:4)
  An adder zombie (Ossuary)
  2 adder skeletons (D:4)
  5 worms
  2 dart slugs (D:1)
  20 orcs
  7 bats
  9 endoplasms
  4 giant cockroaches
  17 goblins
  6 hobgoblins
  A quokka (D:5)
  7 ball pythons
  A ball python skeleton (Ossuary)
  A frilled lizard (D:2)
  A hobgoblin skeleton (Ossuary)
  4 hobgoblin zombies (Ossuary)
  11 kobolds
  2 kobold zombies (Ossuary)
  2 rats
207 creatures vanquished.

Vanquished Creatures (others)
  A fungus (D:9)
  31 plants (D:9)
32 creatures vanquished.

Grand Total: 239 creatures vanquished

Notes
Turn   | Place    | Note
-------+----------+-------------------------------------------
     0 | D:5      | sizableburger the Mummy Delver began the quest for the Orb.
     0 | D:5      | Reached XP level 1. HP: 18/18 MP: 1/1
    21 | D:5      | Noticed a lemure
    22 | D:5      | Noticed a sky beast
   308 | D:1      | Reached XP level 2. HP: 21/24 MP: 2/2
   614 | D:1      | Found a faded altar of an unknown god.
   767 | D:1      | Reached skill level 2 in Polearms
  1360 | D:1      | Reached XP level 3. HP: 21/29 MP: 3/3
  2016 | D:2      | Reached XP level 4. HP: 37/37 MP: 4/4
  2164 | D:3      | Found Kewnori's Book Shoppe.
  2389 | D:3      | You fall into a shaft and drop 2 floors!
  2389 | D:5      | Noticed an ice beast
  2389 | D:5      | Found Jiykuink's Antique Armour Shop.
  2407 | D:5      | Noticed Sigmund
  2504 | D:4      | Reached skill level 3 in Polearms
  2505 | D:4      | Reached XP level 5. HP: 7/43 MP: 5/5
  2938 | D:3      | Noticed Ijyb
  2960 | D:3      | Killed Ijyb
  3302 | D:3      | Reached skill level 5 in Fighting
  3522 | D:3      | Noticed Robin
  3525 | D:3      | Reached XP level 6. HP: 48/51 MP: 6/6
  4225 | D:4      | Reached skill level 4 in Polearms
  4225 | D:4      | Reached skill level 1 in Evocations
  4908 | D:4      | Killed an ice beast
  4909 | D:4      | Reached XP level 7. HP: 42/57 MP: 7/7
  5258 | D:5      | Noticed Blork the orc
  5262 | D:5      | Killed Blork the orc
  6244 | D:6      | Reached skill level 5 in Polearms
  6674 | D:5      | Reached XP level 8. HP: 12/64 MP: 8/8
  6988 | D:5      | Noticed Pikel
  7021 | D:5      | Killed Pikel
  7022 | D:5      | Reached skill level 7 in Polearms
  8115 | D:7      | Found a sand-covered staircase.
  8122 | Ossuary  | Entered an ossuary
  8186 | Ossuary  | Reached skill level 8 in Polearms
  8281 | Ossuary  | Noticed a flying skull
  8311 | Ossuary  | Noticed a flying skull
  8319 | Ossuary  | Noticed a flying skull
  8379 | Ossuary  | Reached XP level 9. HP: 63/69 MP: 9/9
  8557 | D:7      | Reached skill level 9 in Polearms
  8592 | D:7      | Found a staircase to the Ecumenical Temple.
  8600 | Temple   | Entered the Ecumenical Temple
  8794 | Temple   | Became a worshipper of Fedhas Madash
  9210 | D:7      | Found a runed translucent gate.
  9210 | D:7      | Found a runed translucent gate.
  9210 | D:7      | Found a runed translucent gate.
  9211 | D:7      | Found an opulent altar of Gozag.
  9213 | D:7      | Noticed DemonSlayer's ghost (novice DEFE)
  9213 | D:7      | Noticed a meliai
  9213 | D:7      | Noticed a troll
  9458 | D:7      | Found a sparkling altar of Nemelex Xobeh.
  9468 | D:7      | Found an ornate altar of the Wu Jian Council.
 10090 | D:6      | Reached skill level 10 in Polearms
 10370 | D:7      | Reached * piety under Fedhas
 10399 | D:8      | Noticed Gastronok
 10490 | D:8      | Noticed Erica
 10499 | D:8      | Killed Erica
 10500 | D:8      | Reached skill level 1 in Throwing
 10500 | D:8      | Reached skill level 1 in Armour
 10500 | D:8      | Reached skill level 1 in Invocations
 10642 | D:8      | Reached XP level 10. HP: 77/77 MP: 11/11
 10689 | D:8      | Killed Gastronok
 11046 | D:8      | Noticed Joseph
 11346 | D:8      | Killed Joseph
 11504 | D:8      | Noticed a two-headed ogre
 11601 | D:8      | Noticed Maurice
 11617 | D:8      | Paralysed by Maurice for 7 turns
 11838 | D:8      | Found Rotab's Distillery.
 11986 | D:9      | Noticed Maurice
 11986 | D:9      | Maurice changed into Maurice the warg
 11992 | D:9      | Killed Maurice the warg
 11993 | D:9      | Reached ** piety under Fedhas
 12452 | D:9      | Found a sacrificial altar of Ru.
 12536 | D:9      | Found a staircase to the Orcish Mines.
 12778 | D:9      | Noticed a two-headed ogre
 13164 | D:9      | Slain by a komodo dragon

Illustrated notes

Levels and vault maps discovered:
D:1:      psy_arrival_radial02, layout_loops_ring,
          hellmonk_ecumenical_altar_pennies_from_heaven
D:2:      layout_rooms
D:3:      layout_basic, mainiacjoe_overflow_tiny_flanked, lemuel_doored_altar,
          serial_rivers, chequers_serial_rivers_micro_c,
          chequers_serial_rivers_micro_d, chequers_serial_rivers_micro_a,
          chequers_serial_rivers_small_a, serial_shops, shop,
          cheibrodos_sewer_entry_bend, uniq_ijyb, uniq_robin
D:4:      layout_basic, minmay_misc_feat_diagonals
D:5:      layout_loops_cross, serial_shops, nicolae_lakefront_shop,
          uniq_blork_the_orc, uniq_sigmund, uniq_pikel
D:6:      layout_basic, chequers_serial_rivers_large_a
D:7:      layout_rooms, nicolae_overflow_squiral, minmay_temple_entry_hall,
          nicolae_ossuary_entry_ruins, ebering_ghost_gozag
D:8:      layout_rooms, serial_shops, nicolae_square_shop, the_hattery,
          uniq_maurice, uniq_erica, uniq_joseph, uniq_gastronok
D:9:      layout_layer_cave, nicolae_ru_the_path_less_chosen,
          david_lair_shrubbed, minmay_orc_entry_guard_dogs, serial_shops, shop
Temple:   eino_temple_rhombus

Skill      XL: |  1  2  3  4  5  6  7  8  9 10 |
---------------+-------------------------------+-----
Polearms       | 2 3 4 5 8 10 | 10.0
Dodging        | 2 |  2.0
Fighting       | 4 5 6 7 |  7.7
Evocations     | 1 3 |  3.7
Throwing       | 1 3 |  3.4
Armour         | 1 3 |  3.8
Invocations    | 2 3 |  3.9
Stealth        | |  4.2

Action                   |  1- 3 |  4- 6 |  7- 9 | 10-12 || total
-------------------------+-------+-------+-------+-------++-------
Melee: Spear             |   133 |   208 |   357 |       ||   698
       Punch             |     2 |     1 |     6 |       ||     9
       Halberd           |       |       |   156 |   169 ||   325
       Trident           |       |       |    21 |       ||    21
Throw: Throwing net      |       |       |     2 |       ||     2
Invok: Wall of Briars    |       |       |       |     1 ||     1
Evoke: Wand              |       |     8 |    12 |     3 ||    23
  Use: Scroll            |       |     3 |    15 |     4 ||    22
 Stab: Sleeping          |     6 |     2 |     1 |       ||     9
       Paralysed         |       |       |     4 |       ||     4
       Distracted        |       |       |     1 |       ||     1
       Held in net/web   |       |       |     2 |       ||     2
Armor: Leather armour    |    20 |       |       |       ||    20
       Scale mail        |    11 |    73 |    96 |       ||   180
       Chain mail        |       |       |    67 |       ||    67
       Plate armour      |       |       |     8 |    78 ||    86
Dodge: Dodged            |    55 |    95 |   262 |    66 ||   478
